 Dungeon Crawl Stone Soup version 0.32-a0-995-gb4a59205af (webtiles) character file.

Game seed: 14525656484866171914

3607 jasper the Changeling (level 10, -3/58 HPs)
             Began as a Gargoyle Shapeshifter on Apr 22, 2024.
             Was a High Priest of Cheibriados.
             Slain by Erica
             ... wielding a +4 scimitar of flaming
              (4 damage)
             ... on level 8 of the Dungeon.
             The game lasted 00:10:26 (7036 turns).

jasper the Changeling (Gargoyle Shapeshifter)       Turns: 7036, Time: 00:10:26

Health: -3/58      AC: 11    Str: 31    XL:     10   Next: 11%
Magic:  15/15      EV:  9    Int: 24    God:    Cheibriados [*****.]
Gold:   8          SH:  0    Dex: 32    Spells: 9/9 levels left

rFire   . .          .
                       - Unarmed
rCold   . . .        (shield currently unavailable)
rNeg    + . .        i - melded +0 ring mail
rPois   ∞            A - +0 helmet
rElec   +            b - +0 cloak {Stlth+}
rCorr   .            f - +0 pair of gloves
SInv    .            D - +0 pair of boots {Fly}
Will    .....        H - amulet of regeneration
Stlth   ++           s - +6 ring of dexterity
HPRegen 1.09/turn    (no ring)
MPRegen 0.14/turn

%: no passive effects
@: flux-form, flying, slowed, glowing, constricted, very slow
A: glow, contaminating, sickness immunity, AC +7, negative energy resistance 1,
electricity resistance, torment resistance 1, petrification resistance
a: Begin Untransformation, Renounce Religion, Bend Time, Temporal Distortion,
Slouch, Step From Time


You were on level 8 of the Dungeon.
You worshipped Cheibriados.
Cheibriados was extremely pleased with you.
You were something dangerously unstable.
You visited 1 branch of the dungeon, and saw 8 of its levels.
You also visited: Bailey.

You collected 458 gold pieces.
You spent 450 gold pieces at shops.

Inventory:

Missiles
 j - 21 boomerangs
 k - 11 poisoned darts
 n - 2 throwing nets
 o - 3 curare-tipped darts (quivered)
Armour
 a - a +0 animal skin
 b - a +0 cloak of stealth (worn)
 e - a +1 pair of boots
 f - a +0 pair of gloves (worn)
 i - a +0 ring mail (melded)
 A - a +0 helmet (worn)
 D - a +0 pair of boots of flying (worn)
Jewellery
 h - an amulet of guardian spirit
 s - a +6 ring of dexterity (left hand)
 H - an amulet of regeneration (around neck)
Talismans
 c - a beast talisman
 d - a flux talisman (active)
 u - a maw talisman
Wands
 G - a wand of polymorph (5)
 I - a wand of flame (18)
Scrolls
 m - a scroll of blinking
 r - 2 scrolls of teleportation
 w - 2 scrolls of immolation
 x - 3 scrolls of amnesia
 y - a scroll of fog
 z - a scroll of enchant armour
 E - a scroll of revelation
 F - a scroll of identify
Potions
 g - a potion of cancellation
 l - a potion of ambrosia
 p - a potion of attraction
 q - 2 potions of resistance
 t - a potion of curing
 v - a potion of degeneration {unknown}
 B - a potion of brilliance {unknown}
 C - 6 potions of enlightenment


   Skills:
 - Level 4.4 Fighting
 - Level 3.6 Dodging
 - Level 6.4 Unarmed Combat
 + Level 7.5 Invocations
 - Level 7.6 Shapeshifting


You had 9 spell levels left.
You didn't know any spells.
Your spell library contained the following spells:

 Spells                   Type           Power      Damage    Failure   Level
 Apportation              Tloc           0%         N/A       14%         1
 Sandblast                Erth           0%         2d4       14%         1
 Shock                    Conj/Air       0%         1d3       14%         1
 Jinxbite                 Hex            0%         N/A       22%         2
 Frozen Ramparts          Ice            0%         1d1       41%         3
 Ozocubu's Armour         Ice            0%         N/A       41%         3
 Passwall                 Erth           0%         N/A       41%         3
 Stone Arrow              Conj/Erth      0%         3d7       41%         3
 Swiftness                Air            0%         N/A       41%         3
 Airstrike                Air            0%         2d(0-16)  82%         4
 Alistair's Intoxication  Alch           0%         N/A       99%         5
 Metabolic Englaciation   Hex/Ice        0%         N/A       99%         5
 Conjure Ball Lightning   Conj/Air       0%         3x3d6     100%        6
 Malign Gateway           Summ/Tloc      0%         N/A       100%        7
 Discord                  Hex            0%         N/A       100%        8
 Disjunction              Tloc           0%         N/A       100%        8
 Summon Horrible Things   Summ           0%         N/A       100%        8


Dungeon Overview and Level Annotations

Branches:
Dungeon (8/15)             Temple (0/1) D:5          Bailey (visited)
   Lair: D:8-11

Altars:
Cheibriados
Elyvilon
Kikubaaqudgha
Vehumet
Xom
The Shining One

Shops:
D:3 :   D:7 =

Annotations:
D:5 1 runed translucent door
D:8 Erica


Innate Abilities, Weirdness & Mutations

You are something dangerously unstable.
You glow with magical radiation, making you easy to see and hit.
Foes you strike become dangerously contaminated with magical radiation.
You are incapable of wielding weapons or throwing items.
You are immune to sickness and miasma.
Your stone body is resilient. (AC +7)
You are immune to poison.
You resist negative energy. (rN+)
You are resistant to electric shocks. (rElec)
You are resistant to unholy torment.
You are immune to petrification.


Message History

Erica barely misses you. Erica constricts you.
You take 1 damage, and have 33/58 hp.
You hit Erica but do no damage.
Erica shudders as magic cascades through her!
Erica twists and deforms.
Erica is moderately wounded.
Erica casts a spell at you.
You feel yourself slow down. Erica constricts you.
You hit Erica.
Erica begins to glow.
Erica is moderately wounded.
Erica hits you but does no damage. Erica constricts you.
You hit Erica but do no damage.
Erica glows dangerously bright.
Erica is moderately wounded.
Erica misses you. Erica constricts you.
Erica hits you with a +4 scimitar of flaming.
Erica burns you. Erica constricts you.
You take 6 damage, and have 29/58 hp.
You hit Erica.
Erica shudders as magic cascades through her.
Erica twists and deforms.
Erica is moderately wounded.
Erica mumbles some strange words.
Erica flickers and vanishes!
Deactivating autopickup; reactivate with Ctrl-A.
You are constricted.
You take 1 damage, and have 28/58 hp.
You miss something. Something hits you. Something burns you.
You are constricted.
You take 4 damage, and have 24/58 hp.
You miss something. Something hits you!
* * * LOW HITPOINT WARNING * * *
Something burns you.
* * * LOW HITPOINT WARNING * * *
You are constricted.
* * * LOW HITPOINT WARNING * * *
Something hits you!
* * * LOW HITPOINT WARNING * * *
Something burns you.
You die...
Cheibriados appreciates the motionlessness of death.

.....#
....########
#........##
#<..._...##
##.....ß..#
########....#
#.....###._.#
..._..{#....#
♣...⌠.p.♣..#
...#..._(..##
##.....##
#######


There were no monsters in sight!

Vanquished Creatures
  Prince Ribbit (D:5)
  4 yaks (D:6)
  A steam dragon (D:7)
  8 orc warriors
  2 black bears
  2 ogres
  A centaur (D:7)
  A phantom (D:7)
  A kobold brigand (D:5)
  A bullfrog (D:7)
  2 scorpions (D:4)
  A howler monkey (D:3)
  4 bombardier beetles
  4 jellies
  3 orc priests
  4 hounds
  A sleepcap (D:5)
  2 gnoll boudas
  Ijyb (D:3)
  Natasha (thrice) (D:3)
  An iguana (D:4)
  2 orc wizards (D:7)
  The ghost of bananaken the Trooper, a weakling OnDe (D:5)
  12 gnolls
  8 adders
  3 river rats (D:5)
  A white imp (D:7)
  12 ufetubi
  2 dart slugs (D:1)
  A ribbon worm (D:2)
  16 orcs
  5 ball pythons
  5 bats
  7 endoplasms
  3 giant cockroaches
  8 goblins
  6 hobgoblins
  3 jackals (D:1)
  22 kobolds
  5 quokkas
  3 frilled lizards
  7 rats
180 creatures vanquished.

Notes
Turn   | Place    | Note
-------+----------+-------------------------------------------
     0 | D:1      | jasper the Gargoyle Shapeshifter began the quest for the
                  | Orb.
     0 | D:1      | Reached XP level 1. HP: 12/12 MP: 1/1
    41 | D:1      | Reached XP level 2. HP: 13/16 MP: 2/2
   284 | D:1      | Found a faded altar of an unknown god.
   298 | D:1      | Prayed at the altar of an unknown god.
   298 | D:1      | Became a worshipper of Cheibriados the Contemplative
   298 | D:1      | Reached * piety under Cheibriados
   575 | D:1      | Reached XP level 3. HP: 20/20 MP: 3/3
   996 | D:2      | Reached XP level 4. HP: 5/25 MP: 4/4
  1333 | D:2      | Reached ** piety under Cheibriados
  1530 | D:3      | Noticed Ijyb
  1542 | D:3      | Killed Ijyb
  1543 | D:3      | Reached XP level 5. HP: 19/29 MP: 5/5
  1604 | D:3      | Found Iconeg's Book Emporium.
  1767 | D:3      | Noticed Natasha
  1791 | D:3      | Killed Natasha
  2065 | D:3      | Noticed Natasha
  2111 | D:3      | Killed Natasha
  2112 | D:3      | Reached XP level 6. HP: 27/34 MP: 6/6
  2185 | D:3      | Noticed Natasha
  2193 | D:3      | Killed Natasha
  2194 | D:3      | Reached skill level 5 in Shapeshifting
  2749 | D:4      | Reached *** piety under Cheibriados
  3102 | D:4      | Reached XP level 7. HP: 24/38 MP: 7/7
  3575 | D:5      | Entered Level 5 of the Dungeon
  3602 | D:5      | Noticed Prince Ribbit
  3612 | D:5      | Killed Prince Ribbit
  3707 | D:5      | Reached XP level 8. HP: 23/43 MP: 8/8
  3833 | D:5      | Reached **** piety under Cheibriados
  3953 | D:5      | Found a staircase to the Ecumenical Temple.
  4376 | D:5      | Found a runed translucent door.
  4378 | D:5      | Noticed bananaken's ghost (weakling OnDe)
  4415 | D:5      | Found a runed translucent door.
  4598 | D:5      | Killed bananaken's ghost
  4857 | D:6      | Reached skill level 5 in Unarmed Combat
  5133 | D:6      | Noticed a yak
  5134 | D:6      | Noticed a yak
  5134 | D:6      | Noticed a yak
  5135 | D:6      | Noticed a yak
  5149 | D:6      | Killed a yak
  5150 | D:6      | Reached XP level 9. HP: 51/51 MP: 9/9
  5258 | D:6      | Reached ***** piety under Cheibriados
  5588 | D:6      | Found a glowing golden altar of the Shining One.
  6196 | D:7      | Found a flagged portal.
  6205 | D:7      | Identified the +6 flail of Arbitration {elec, Int+4}
  6242 | Bailey   | Entered a bailey
  6293 | Bailey   | Reached skill level 5 in Invocations
  6363 | Bailey   | Identified the +0 chain mail "Kygeun" {rC- rN+ rCorr}
  6509 | Bailey   | Reached XP level 10. HP: 48/58 MP: 13/15
  6889 | D:7      | Found Baucetzuem's Jewellery Boutique.
  6902 | D:7      | Bought an amulet of regeneration for 450 gold pieces
  6918 | D:7      | Identified the +3 ring mail of Hide-and-Seek {Rampage Str+3
                  | Dex-5 SInv}
  7017 | D:8      | Found a radiant altar of Vehumet.
  7017 | D:8      | Found a shimmering altar of Xom.
  7024 | D:8      | Found an ancient bone altar of Kikubaaqudgha.
  7027 | D:8      | Found a white marble altar of Elyvilon.
  7027 | D:8      | Noticed Erica
  7036 | D:8      | HP: 1/58 [something (10)]
  7036 | D:8      | Slain by Erica

Illustrated notes

Levels and vault maps discovered:
D:1:      minmay_arrival_four_circles, layout_loops_ring, basic_ecumenical_altar
D:2:      layout_basic, chequers_decorated_corner, st_stairs_7
D:3:      layout_loops_ring, serial_shops, nicolae_shop_tiny_waterfront,
          uniq_natasha, uniq_ijyb
D:4:      layout_basic, hangedman_abyss_or_decor_stagger, minmay_cupped
D:5:      layout_rooms, temple_pool_b, ebering_ghost_sewer_f,
          uniq_prince_ribbit1
D:6:      nicolae_cairo_tiling_large, layout_loops_ring, tso_altar,
          bh_walls_and_bars
D:7:      layout_cave_pools, enter_bailey_6, serial_shops,
          nicolae_shop_statue_plus
D:8:      layout_cave_pods, nicolae_wu_jian_wuxing_cycle,
          nicolae_overflow_hallway_of_the_gods, mainiacjoe_overflow_catwalk,
          serial_shops, shop, nicolae_shop_real_fake_doors, uniq_erica

Skill      XL: |  1  2  3  4  5  6  7  8  9 10 |
---------------+-------------------------------+-----
Shapeshifting  | 3 4 5 7 |  7.6
Fighting       | 3 4 |  4.4
Dodging        | 3 |  3.6
Unarmed Combat | 5 6 |  6.4
Invocations    | 6 7 |  7.5

Action                     |  1- 3 |  4- 6 |  7- 9 | 10-12 || total
---------------------------+-------+-------+-------+-------++-------
  Melee: Unarmed           |    97 |   185 |   451 |    29 ||   762
         Punch             |       |     4 |     2 |       ||     6
  Throw: Dart              |     2 |     7 |       |       ||     9
Ability: Begin Untransform |     1 |       |       |       ||     1
  Evoke: Wand              |       |       |     2 |       ||     2
    Use: Scroll            |     5 |     2 |    10 |       ||    17
         Potion            |     1 |     1 |     1 |       ||     3
   Stab: Sleeping          |       |     4 |     3 |       ||     7
         Distracted        |       |     1 |       |       ||     1
 Armour: Animal skin       |    56 |       |       |       ||    56
         Ring mail         |    18 |   152 |    39 |       ||   209
         Skin              |     9 |     1 |   215 |    28 ||   253
  Dodge: Dodged            |    51 |   125 |   532 |    32 ||   740
   Form: Flux              |       |       |     1 |       ||     1

Table legend: (Time is in decaauts)
 A = Elapsed time spent in this place.
 B = Non-inter-level travel time spent in this place.
 C = Inter-level travel time spent in this place.
 D = Time resting spent in this place.
 E = Time spent auto-exploring this place.
 F = Levels seen in this place.
 G = Mean time per level.
                   A        B        C        D        E       F      G
               +--------+--------+--------+--------+--------+-----+--------+
         Total |   9792 |   9446 |    346 |    489 |   6660 |   9 | 1088.0 |
       Dungeon |   9052 |   8706 |    346 |    489 |   6394 |   8 | 1131.5 |
        Bailey |    740 |    740 |      0 |      0 |    266 |   1 |  740.0 |
               +--------+--------+--------+--------+--------+-----+--------+

Top non-repeatable levels by time:
     D:4: 1765 daAuts
     D:6: 1700 daAuts
     D:5: 1447 daAuts
     D:3: 1203 daAuts
     D:7: 1139 daAuts
     D:1: 996 daAuts
     D:2: 772 daAuts
  Bailey: 740 daAuts
     D:8: 28 daAuts
